Map: [ESL] Cosmic Sapphire

Players

Krystianer

  • Race: Protoss Protoss
  • Spawn Location: 5:00

Gerald - Winner!

  • Race: Protoss Protoss
  • Spawn Location: 11:00

Event: DreamHack SC2 Masters 2022 Valencia

VOD

Have the link to the VOD?

Description

Time

  • Played on: July 1, 2022, 5:10 p.m.
  • Length: 7:33

All games in this series

Show
View Real Time Build Order
Export as new Build Order

Krystianer Protoss 

Build Orders: Oracle Opening 

Get SALT Encoding   

  12  0:00  Probe  
  13  0:12  Probe  
  14  0:17  Pylon  
  14  0:24  Probe (Chrono Boost)  
  16  0:36  Probe (Chrono Boost), Gateway  
  16  0:42  Probe (Chrono Boost)  
  16  0:46  Assimilator  
  17  0:51  Probe  
  17  0:54  Assimilator  
  18  1:03  Probe (Chrono Boost)  
  19  1:07  Gateway  
  19  1:12  Probe (Chrono Boost)  
  19  1:17  Probe (Chrono Boost)  
  20  1:24  Cybernetics Core  
  21  1:29  Probe  
  22  1:36  Pylon  
  22  1:41  Probe  
  24  1:54  Probe  
  24  2:00  Stargate  
  24  2:02  Stalker  
  24  2:06  Probe  
  27  2:11  Stalker  
  29  2:20  Pylon  
  29  2:21  Warp Gate  
  29  2:25  Probe  
  30  2:46  Oracle (Chrono Boost)  
  33  3:00  Nexus  
  33  3:07  Stalker  
  34  3:17  Probe  
  34  3:18  Pylon  
  35  3:29  Twilight Council, Probe (Chrono Boost)  
  36  3:39  Probe (Chrono Boost)  
  37  3:44  Probe (Chrono Boost)  
  36  3:55  Probe  
  36  4:03  Blink (Chrono Boost)  
  36  4:09  Probe (Chrono Boost)  
  37  4:10  Adept x2  
  37  4:14  Probe (Chrono Boost)  
  42  4:20  Probe (Chrono Boost)  
  42  4:24  Probe (Chrono Boost)  
  44  4:27  Probe (Chrono Boost)  
  44  4:30  Probe (Chrono Boost)  
  46  4:34  Stalker x2  
  46  4:35  Probe  
  51  4:40  Probe  
  52  4:48  Probe  
  53  4:53  Probe  
  50  5:00  Stalker, Probe  
  50  5:01  Stalker  
  55  5:11  Probe  
  55  5:13  Probe  
  57  5:14  Nexus  
  57  5:16  Pylon  
  57  5:26  Stalker x2  
  57  5:27  Probe  
  62  5:34  Probe  
  63  5:36  Pylon  
  63  5:37  Shield Battery  
  63  5:41  Pylon  
  63  5:54  Probe x2  
  63  5:56  Stalker  
  67  5:57  Stalker  
  69  6:06  Probe x2, Robotics Facility  
  69  6:10  Forge  
  71  6:14  Assimilator  
  71  6:19  Assimilator  
  71  6:20  Probe (Chrono Boost)  
  71  6:21  Adept  
  71  6:22  Adept  
  71  6:23  Probe (Chrono Boost)  
  77  6:27  Probe (Chrono Boost)  
  77  6:31  Gateway  
  79  6:33  Gateway  
  79  6:35  Probe (Chrono Boost)  
  79  6:36  Probe (Chrono Boost)  
  79  6:37  Probe (Chrono Boost)  
  81  6:40  Probe (Chrono Boost)  
  81  6:42  Probe  
  81  6:44  Stalker x2  
  85  6:49  Probe  
  85  6:52  Probe  
  82  6:54  Probe  
  81  7:02  Probe  
  81  7:04  Probe  
  81  7:07  Probe  
  81  7:08  Stalker  
  85  7:14  Probe  
  83  7:16  Probe  
  83  7:19  Probe (Chrono Boost)  
Show
View Real Time Build Order
Export as new Build Order

Gerald Protoss - Winner!

Build Orders: Blink Stalkers 

Get SALT Encoding   

  12  0:00  Probe  
  13  0:12  Probe  
  14  0:19  Pylon  
  14  0:24  Probe (Chrono Boost)  
  15  0:37  Gateway  
  15  0:39  Probe (Chrono Boost)  
  16  0:44  Probe (Chrono Boost)  
  16  0:46  Assimilator  
  17  0:53  Probe (Chrono Boost)  
  17  0:55  Assimilator  
  18  1:05  Probe (Chrono Boost)  
  18  1:09  Gateway  
  19  1:13  Probe (Chrono Boost)  
  20  1:20  Probe  
  20  1:25  Cybernetics Core  
  21  1:32  Probe  
  22  1:33  Pylon  
  22  1:44  Probe  
  23  1:56  Probe  
  24  2:02  Stalker x2, Warp Gate  
  24  2:08  Probe  
  29  2:15  Pylon  
  29  2:20  Probe  
  30  2:28  Pylon  
  30  2:32  Adept, Probe  
  30  2:33  Adept  
  35  2:44  Probe  
  35  2:49  Twilight Council, Shield Battery  
  35  3:11  Nexus  
  35  3:20  Blink (Chrono Boost)  
  35  3:24  Probe  
  36  3:33  Pylon  
  36  3:36  Probe  
  37  3:48  Probe  
  34  3:52  Stalker, Gateway  
  36  3:57  Shield Battery  
  36  4:02  Stalker  
  38  4:06  Probe  
  39  4:18  Stalker, Probe  
  42  4:28  Probe (Chrono Boost)  
  42  4:29  Stalker  
  45  4:34  Probe (Chrono Boost)  
  45  4:38  Dark Shrine  
  45  4:40  Probe (Chrono Boost)  
  46  4:48  Stalker  
  47  4:57  Probe x2  
  47  5:04  Stalker  
  47  5:05  Stalker  
  51  5:09  Probe (Chrono Boost)  
  53  5:14  Probe (Chrono Boost)  
  53  5:17  Robotics Facility  
  54  5:21  Probe (Chrono Boost)  
  54  5:23  Sentry  
  54  5:26  Assimilator  
  57  5:29  Probe (Chrono Boost)  
  57  5:30  Probe (Chrono Boost)  
  58  5:35  Probe  
  58  5:36  Probe  
  60  5:44  Pylon  
  60  5:48  Probe  
  60  5:49  Nexus  
  61  5:58  Probe  
  62  6:04  Dark Templar x2  
  62  6:08  Stalker  
  62  6:09  Probe  
  62  6:10  Probe  
  70  6:14  Pylon  
  70  6:23  Pylon  
  70  6:26  Forge  
  70  6:29  Pylon  
  71  6:32  Probe  
  71  6:33  Observer, Probe  
  71  6:40  Stalker x2  
  71  6:41  Pylon  
  71  6:45  Probe x2  
  77  6:57  Probe x2  
  77  6:59  Dark Templar  
  79  7:04  Probe  
  79  7:05  Shield Battery  
  80  7:09  Probe (Chrono Boost)  
  80  7:11  Stalker x2, Probe (Chrono Boost)  
  84  7:21  Probe (Chrono Boost)  
  86  7:22  Probe (Chrono Boost)  

Tags
 
Add a new tag
Caveats
  • Supply blocks, unpowered buildings, or Contaminate may cause inaccurate times.
  • Supply counts are checked every 10 seconds.